Map: Pylon LE

Players

Nicoract

  • Race: Terran Terran
  • League: Master
  • Spawn Location: 5:00

ByuN - Winner!

  • Race: Terran Terran
  • League: Diamond
  • Spawn Location: 11:00

VOD

Have the link to the VOD?

Description

Time

  • Played on: June 13, 2025, 11:14 a.m.
  • Length: 7:14
Show
View Real Time Build Order
Export as new Build Order

Nicoract Terran 

Build Orders: Banshee Rush 

Get SALT Encoding   

  12  0:00  SCV  
  13  0:12  SCV  
  14  0:17  Supply Depot  
  14  0:24  SCV  
  15  0:38  SCV  
  15  0:39  Barracks  
  16  0:44  Refinery  
  16  0:50  SCV  
  16  0:53  Refinery  
  17  1:03  SCV  
  18  1:15  SCV  
  19  1:27  Reaper, Orbital Command  
  19  1:28  Supply Depot  
  20  1:45  Factory  
  20  1:54  SCV  
  20  2:00  Barracks Reactor  
  21  2:06  SCV  
  22  2:18  Command Center  
  22  2:20  SCV  
  23  2:28  Hellion  
  25  2:32  SCV  
  25  2:34  Supply Depot  
  26  2:38  Reaper x2  
  28  2:45  SCV  
  28  2:50  Hellion  
  31  2:56  Starport  
  32  2:58  SCV  
  32  3:05  Refinery  
  32  3:10  SCV  
  32  3:11  Marine x2  
  35  3:12  Factory Tech Lab  
  35  3:22  SCV  
  36  3:33  Orbital Command  
  36  3:34  SCV  
  36  3:38  Factory Tech Lab  
  36  3:40  Banshee  
  36  3:41  Cloaking Field  
  38  3:47  SCV  
  36  3:49  Marine  
  36  3:59  SCV x2  
  36  4:00  Cyclone  
  36  4:02  Marine  
  40  4:07  Marine  
  42  4:10  Supply Depot  
  42  4:11  SCV  
  42  4:12  SCV  
  44  4:22  Marine  
  44  4:23  Banshee, SCV  
  49  4:24  Marine, SCV  
  51  4:32  Siege Tank  
  51  4:33  Supply Depot  
  51  4:35  SCV  
  51  4:38  SCV  
  56  4:49  Command Center  
  56  4:52  SCV x2  
  58  5:13  Siege Tank  
  58  5:15  SCV x2  
  58  5:16  Barracks  
  58  5:20  Barracks, Starport Reactor  
  60  5:23  Engineering Bay  
  60  5:24  Engineering Bay  
  60  5:25  Stimpack  
  60  5:27  SCV  
  62  5:28  SCV  
  62  5:30  Marine  
  62  5:35  Supply Depot  
  63  5:41  SCV x2  
  63  5:42  Refinery  
  65  5:46  Siege Tank  
  68  5:54  SCV x2  
  68  5:57  Marine  
  70  6:02  Orbital Command  
  71  6:06  Marine x2  
  73  6:13  Starport Reactor  
  73  6:14  Barracks  
  73  6:15  Barracks, Marine  
  73  6:16  Marine x2  
  76  6:19  SCV  
  76  6:21  SCV  
  76  6:25  Supply Depot, Siege Tank  
  81  6:29  Marine x2  
  81  6:32  Orbital Command  
  83  6:33  Marine  
  83  6:35  Marine x2  
  83  6:36  SCV x2  
  88  6:48  SCV x2  
  88  6:49  Marine x2  
  92  6:59  SCV  
  92  7:00  SCV  
Show
View Real Time Build Order
Export as new Build Order

ByuN Terran - Winner!

Build Orders: Reaper Expand 

Get SALT Encoding   

  12  0:00  SCV  
  13  0:12  SCV  
  14  0:17  Supply Depot  
  14  0:24  SCV  
  15  0:38  SCV  
  15  0:40  Barracks  
  16  0:43  Refinery  
  16  0:50  SCV  
  17  1:02  SCV  
  18  1:15  SCV  
  19  1:27  Reaper, Orbital Command  
  20  1:41  Command Center  
  20  1:53  SCV  
  21  1:56  Supply Depot  
  21  1:59  Marine  
  22  2:06  Factory  
  22  2:11  SCV  
  23  2:17  Marine  
  23  2:20  Bunker  
  24  2:23  SCV  
  24  2:27  Refinery  
  25  2:35  Marine  
  25  2:36  SCV  
  27  2:48  SCV  
  27  2:49  Factory Tech Lab  
  28  2:53  Marine, Starport  
  28  2:56  Orbital Command  
  29  3:00  SCV  
  30  3:10  Refinery  
  30  3:12  SCV  
  30  3:14  Cyclone  
  34  3:23  Barracks Reactor  
  34  3:25  SCV  
  34  3:26  SCV  
  36  3:31  Starport Tech Lab  
  36  3:34  Supply Depot  
  36  3:37  SCV  
  36  3:38  SCV  
  33  3:49  SCV  
  33  3:50  SCV, Cyclone  
  35  4:01  SCV  
  36  4:03  SCV  
  36  4:04  Marine x2  
  36  4:08  Raven  
  41  4:13  SCV  
  41  4:15  SCV  
  43  4:20  Command Center  
  43  4:23  Marine x2  
  45  4:28  SCV x2  
  47  4:32  Siege Tank  
  47  4:33  Interference Matrix  
  47  4:37  Supply Depot  
  50  4:40  SCV x2  
  52  4:48  Raven  
  52  4:52  Supply Depot  
  54  4:59  Marine x2, SCV x2  
  56  5:11  Siege Tank, SCV x2  
  59  5:15  Supply Depot  
  59  5:17  Marine x2  
  59  5:18  Refinery  
  61  5:23  SCV x2  
  63  5:34  Barracks, Orbital Command  
  63  5:35  SCV x2  
  63  5:36  Barracks  
  65  5:47  Viking x2  
  65  5:48  Marine  
  70  5:52  SCV x2  
  72  6:02  Siege Tank  
  72  6:03  SCV  
  76  6:04  SCV x2  
  76  6:08  Marine, Engineering Bay  
  76  6:10  Engineering Bay  
  79  6:19  Viking  
  79  6:20  Viking  
  79  6:23  SCV  
  79  6:24  SCV  
  85  6:29  Barracks Reactor x2  
  85  6:30  Marine  
  86  6:38  Missile Turret  
  86  6:39  Orbital Command  
  86  6:42  SCV x2  
  86  6:46  Barracks  
  88  6:48  Supply Depot  
  88  6:49  Barracks  
  88  6:54  SCV x2  
Tags
 
Matchup
TvT
Player
ByuN
Race
Terran
Spawn Locations
Cross Positions
Strategy
Banshee Rush
Add a new tag
Caveats
  • Supply blocks, unpowered buildings, or Contaminate may cause inaccurate times.
  • Supply counts are checked every 10 seconds.